AoeStats
← 666

Arabia

508710045Analyzed
1v1 RM · 8d ago on Sep 23, 2026· 52m 51s· 2 players
Game mode
Random Map
Map size
Tiny (2 player)
Population
200
Speed
Normal
Resources
Standard
Victory
Conquest
Starting age
Dark Age
Ending age
Imperial Age
RankedLock teamsTeams togetherTeam positionsShared explorationLock speedFull tech treeHidden civsTurbo modeCheats
Victory
Defeat
🇨🇱 Spanish · Chile
792
+15
🇨🇳 Chinese · China
762
-30
清风与我
4:16 Loom
10:39 Feudal Age
11:03 Horse Collar
11:18 Double-Bit Axe
12:24 Wheelbarrow
13:44 Man-at-Arms
15:34 Town Watch
19:11 Gold Mining
19:13 Stone Mining
23:07 Castle Age
22:47 Forging
24:21 Hand Cart
24:17 Bow Saw
24:08 Heavy Plow
24:53 Town Patrol
26:12 Stone Shaft Mining
26:13 Gold Shaft Mining
26:23 Gold Shaft Mining
27:08 Squires
26:28 Pikeman
29:35 Scale Barding Armor
29:30 Padded Archer Armor
29:21 Fletching
29:33 Scale Mail Armor
34:52 Husbandry
35:04 Bloodlines
43:55 Imperial Age
42:44 Chain Barding Armor
49:39 Plate Barding Armor
49:08 Cavalier
666
9:26 Feudal Age
8:00 Loom
11:12 Double-Bit Axe
18:23 Castle Age
27:25 Fletching
34:11 Bodkin Arrow
35:16 Ballistics
38:14 Imperial Age
41:44 Wheelbarrow
42:26 Padded Archer Armor
44:05 Elite Conquistador
48:56 Chemistry
49:26 Sanctity
Connection lost

Rejoining the realm…

Still unreachable

The connection could not be restored.

Session expired

The server has moved on; the page needs a fresh start.